 Dungeon Crawl Stone Soup version 0.16-a0-2622-gbfab2ba (console) character file.

11620 nht the Bludgeoner (level 11, 0/117 HPs)
             Began as an Ogre Berserker on Nov 22, 2014.
             Was a High Priest of Trog.
             Slain by an orc warrior
             ... wielding a +0 dire flail
             ... led by an orc knight
              (6 damage)
             ... on level 11 of the Dungeon.
             The game lasted 00:21:26 (11456 turns).

nht the Bludgeoner (Ogre Berserker)                Turns: 11456, Time: 00:21:26

Health: 0/117      AC: 10    Str: 27    XL:     11   Next: 80%
Magic:  0/11       EV: 10    Int:  6    God:    Trog [*****.]
Gold:   756        SH:  0    Dex:  9    Spells: 0 memorised, 10 levels left

rFire  . . .     SeeInvis .     a - +0 flail (protect)
rCold  . . .     Clarity  .     s - +1 robe
rNeg   + . .     SustAb   .     (shield restricted)
rPois  +         Gourm    .     v - +1 hat
rElec  .         Spirit   +     (no cloak)
rCorr  .         Warding  .     (gloves unavailable)
rMut   .         Stasis   .     (boots unavailable)
MR     +....                    F - amulet of guardian spirit
Stlth  +.........               y - ring of poison resistance
                                B - ring of positive energy

@: exhausted, very slightly contaminated, somewhat resistant to hostile
enchantments, very unstealthy
A: unfitting armour, tough skin 1
a: Burn Spellbooks, Berserk, Trog's Hand, Brothers in Arms, Renounce Religion


You were on level 11 of the Dungeon.
You worshipped Trog.
Trog was extremely pleased with you.
You were hungry.

You visited 2 branches of the dungeon, and saw 12 of its levels.
You also visited: Ossuary.

You collected 1001 gold pieces.
You spent 245 gold pieces at shops.

Inventory:

Hand weapons
 a - a +0 flail of protection (weapon)
 E - a +1 giant spiked club
 J - a +1 whip of electrocution
Missiles
 l - 8 large rocks
 r - 3 tomahawks of dispersal
 t - 7 tomahawks (quivered)
 u - 6 tomahawks of returning
 C - 7 silver javelins
Armour
 s - a +1 robe (worn)
 v - a +1 hat (worn)
Jewellery
 b - an uncursed ring of teleport control
 h - a cursed ring of protection from cold
 y - a ring of poison resistance (right hand)
 B - a ring of positive energy (left hand)
 F - an amulet of guardian spirit (around neck)
Magical devices
 g - a wand of digging (15)
 n - a wand of digging (13)
 I - a wand of confusion (24)
 M - a wand of fire (0)
 O - a wand of heal wounds (0)
Scrolls
 e - 3 scrolls of enchant armour
 i - 6 scrolls of teleportation
 j - 2 scrolls of magic mapping
 p - 6 scrolls of fog
 w - 9 scrolls of remove curse
 D - 4 scrolls of identify
Potions
 f - a potion of confusion {unknown}
 k - a potion of agility
 m - a potion of magic
 o - 2 potions of curing
 q - 3 potions of restore abilities
 x - 3 potions of flight
 z - 5 potions of heal wounds
 A - 2 potions of resistance
 G - a potion of mutation {unknown}
 N - a potion of degeneration {unknown}
Comestibles
 c - 4 meat rations
 d - 10 bread rations
 L - 2 fruits


   Skills:
 + Level 9.8 Fighting
 * Level 15.7 Maces & Flails
 + Level 10.0 Throwing
 + Level 6.2 Armour
 - Level 1.7 Dodging


You had 10 spell levels left.
You didn't know any spells.

Dungeon Overview and Level Annotations

Branches:
Dungeon (11/15)            Temple (0/1) D:6            Lair (0/8) D:11
    Orc (1/4) D:11

Altars:
Ashenzari
Dithmenos
Elyvilon
Makhleb
Qazlal
Sif Muna
Vehumet
Xom

Shops:
D:6 =

Annotations:
Orc:1 Maurice


Innate Abilities, Weirdness & Mutations

You are too large for most types of armour.
You have tough skin (AC +1).


Message History

The orc warrior is severely wounded.
Evoking this partially-identified wand wasted a few charges.
The orc warrior hits you with a dire flail!!
* * * LOW HITPOINT WARNING * * *
Evoke which item? (* to show all) (? for menu, Esc to quit)
Zapping:
M - a wand of fire {zapped: 4} (will waste charges)
Press: ? - help, Shift-Dir - straight line, f/p - orc warrior
Aim: an orc warrior, wielding a dire flail and wearing a plate armour (severely wounded)
The bolt of fire hits the orc warrior.
The orc warrior is almost dead.
Evoking this partially-identified wand wasted a few charges.
The orc warrior hits you with a dire flail!
* * * LOW HITPOINT WARNING * * *
Evoke which item? (* to show all) (? for menu, Esc to quit)
Zapping:
M - a wand of fire {zapped: 6} (will waste charges)
Press: ? - help, Shift-Dir - straight line, f/p - orc warrior
Aim: an orc warrior, wielding a dire flail and wearing a plate armour (almost dead) Nothing appears to happen.
The orc warrior hits you with a dire flail!
You die...

█████..........████.........█ █
...██..........██.'..(......█ █
...██..........██.█.........█ ███
...██..........█..█..)......███..
...██..........'.██.........█...█
)..............███.[........'.███
...█....██'███████)██.......███ █
...██...█...█ █...█.......█ █
...██...█.8.█ █.8..+███████ █
█████████..)██ ██..?█..█
██.█'███@█████+█████ █.██.oo██
█......█ █ █ █.██.>o█ █......█ █
█ ████.██...██ █..<...█ ███ █
█.██.█'███[████......█ █.. █
█.█...█████[..█......█ █.. █
█.'.8...)))[8.█......████.. █
█.█..)█████)[)█......'..█..


████ █.██████████.██......██.'.. ...████......(..██...[█████████..
██....'.[.......██...███≈█≈██ █.. You could see an orc warrior and 2 orcs.

Vanquished Creatures
  Gastronok (D:8)
  Pikel (D:5)
  A hill giant (D:11)
  A gargoyle (D:11)
  Psyche (D:8)
  A komodo dragon (D:11)
  Grinder (D:3)
  Prince Ribbit (D:8)
  A troll (D:10)
  A wandering mushroom (D:8)
  A trapdoor spider (D:11)
  A spriggan (D:11)
  3 deep elf magi
  A hippogriff (D:11)
  A wyvern (D:10)
  Eustachio (D:4)
  Menkaure (D:6)
  An orc warrior (Orc:1)
  2 ice beasts
  2 water moccasins
  2 phantoms (D:11)
  3 sky beasts
  4 ogres
  3 centaurs
  4 black bears
  A yellow wasp (D:11)
  A crocodile (D:9)
  Sigmund (D:4)
  Duvessa (D:4)
  7 giant frogs
  3 elf zombies
  A big kobold (D:10)
  6 elf skeletons (D:6)
  6 killer bees
  7 scorpions
  3 wights (D:11)
  2 electric eels (D:8)
  A giant frog zombie (D:9)
  Dowan (D:4)
  4 crimson imps
  3 goliath beetles
  2 hounds
  5 jellies
  2 centaur zombies
  A quasit (D:8)
  3 iguanas
  9 orc priests
  A giant frog skeleton (D:6)
  15 orc wizards
  A human skeleton (D:6)
  Natasha (twice) (D:3)
  9 worker ants
  Ijyb (D:2)
  A hound zombie (Ossuary)
  4 mummies (Ossuary)
  3 gnolls (D:2)
  11 adders
  A shadow imp (D:9)
  3 giant mites
  An adder zombie (Ossuary)
  3 adder skeletons
  2 giant geckos
  An ooze (D:1)
  79 orcs
  9 giant cockroaches
  2 gnoll zombies (Ossuary)
  10 goblins
  12 hobgoblins
  22 jackals
  19 kobolds
  2 ball pythons
  17 bats
  2 giant gecko skeletons
  2 giant gecko zombies
  6 giant newts
  A giant spore (D:7)
  A goblin zombie (Ossuary)
  A hobgoblin zombie (Ossuary)
  2 kobold zombies (Ossuary)
  An orc skeleton (D:6)
  3 orc zombies
  A quokka skeleton (D:4)
  20 rats
  A rat zombie (Ossuary)
  5 ballistomycetes
387 creatures vanquished.

Vanquished Creatures (collateral kills)
  An orc sorcerer (Orc:1)
  Edmund (D:4)
  A phantom (D:7)
  An orc warrior (Orc:1)
  Blork the orc (D:5)
  3 killer bees (D:7)
  2 orc priests
  4 orc wizards
  3 orcs (Orc:1)
  A goblin (Orc:1)
18 creatures vanquished.

Vanquished Creatures (others)
  An ogre (Orc:1)
  A killer bee (D:8)
  Natasha (D:3)
  An orc (Orc:1)
  A giant spore (D:8)
  A fungus (D:8)
6 creatures vanquished.

Grand Total: 411 creatures vanquished

Notes
Turn   | Place    | Note
--------------------------------------------------------------
     0 | D:1      | nht, the Ogre Berserker, began the quest for the Orb.
     0 | D:1      | Reached XP level 1. HP: 24/24 MP: 1/1
   175 | D:1      | Reached XP level 2. HP: 25/32 MP: 2/2
   407 | D:1      | Reached skill level 5 in Maces & Flails
   516 | D:1      | Acquired Trog's second power
   555 | D:1      | Found a shattered altar of Ashenzari.
   602 | D:1      | Reached XP level 3. HP: 39/39 MP: 3/3
   879 | D:2      | Found a radiant altar of Vehumet.
   881 | D:2      | Found a burning altar of Makhleb.
   954 | D:2      | Found a burning altar of Makhleb.
   956 | D:2      | Reached skill level 6 in Maces & Flails
  1082 | D:2      | Noticed Ijyb
  1094 | D:2      | Killed Ijyb
  1094 | D:2      | Reached XP level 4. HP: 48/48 MP: 4/4
  1300 | D:2      | Reached skill level 7 in Maces & Flails
  1553 | D:3      | Reached XP level 5. HP: 37/54 MP: 5/5
  1654 | D:3      | Noticed Grinder
  1790 | D:3      | Reached skill level 8 in Maces & Flails
  1924 | D:3      | Noticed Natasha
  1934 | D:3      | Killed Natasha
  2401 | D:3      | Noticed Natasha
  2406 | D:3      | Killed Natasha
  2417 | D:3      | Paralysed by Grinder for 6 turns
  2439 | D:3      | Paralysed by Grinder for 5 turns
  2454 | D:3      | Killed Grinder
  2454 | D:3      | Reached skill level 9 in Maces & Flails
  2454 | D:3      | Reached XP level 6. HP: 9/62 MP: 6/6
  2819 | D:3      | Noticed Natasha
  2832 | D:3      | Killed Natasha
  3195 | D:4      | Found a shattered altar of Ashenzari.
  3256 | D:4      | Noticed Eustachio
  3267 | D:4      | Killed Eustachio
  3267 | D:4      | Reached skill level 10 in Maces & Flails
  3267 | D:4      | Reached XP level 7. HP: 70/70 MP: 7/7
  3352 | D:4      | Noticed Sigmund
  3357 | D:4      | Found a shadowy altar of Dithmenos.
  3362 | D:4      | Killed Sigmund
  3362 | D:4      | Acquired Trog's third power
  3362 | D:4      | Reached skill level 11 in Maces & Flails
  3491 | D:4      | Noticed Dowan
  3492 | D:4      | Noticed Duvessa
  3505 | D:4      | Killed Duvessa
  3505 | D:4      | Reached XP level 8. HP: 56/78 MP: 8/8
  3511 | D:4      | Killed Dowan
  3540 | D:4      | Noticed Edmund
  3548 | D:4      | Killed Edmund
  3548 | D:4      | Reached skill level 12 in Maces & Flails
  3564 | D:4      | Found a white marble altar of Elyvilon.
  3736 | D:5      | Entered Level 5 of the Dungeon
  3878 | D:5      | Found a stormy altar of Qazlal.
  3934 | D:5      | Noticed Blork the orc
  3946 | D:5      | Killed Blork the orc
  3946 | D:5      | Reached skill level 13 in Maces & Flails
  4049 | D:5      | Noticed Pikel
  4064 | D:5      | Killed Pikel
  4064 | D:5      | Reached XP level 9. HP: 70/84 MP: 9/9
  4414 | D:6      | Noticed Menkaure
  4419 | D:6      | Killed Menkaure
  4428 | D:6      | Identified a scroll of acquirement
  4562 | D:6      | Reached skill level 5 in Throwing
  4573 | D:6      | Found Woemp's Jewellery Boutique.
  4587 | D:6      | Bought an uncursed ring of poison resistance for 200 gold pieces
  4587 | D:6      | Bought a cursed ring of loudness for 45 gold pieces
  4630 | D:6      | Found a staircase to the Ecumenical Temple.
  4692 | D:6      | Found a sand-covered staircase.
  4714 | Ossuary  | Entered an ossuary
  4770 | Ossuary  | Reached skill level 5 in Fighting
  5626 | D:6      | Reached XP level 10. HP: 95/98 MP: 10/10
  5632 | D:6      | Found a deep blue altar of Sif Muna.
  5964 | D:7      | Got a smoking robe
  5975 | D:7      | Identified the +1 robe "Chiarale" {Slay-3} (You found it on level 7 of the Dungeon)
  6060 | D:7      | HP: 5/100 [killer bee (6)]
  6816 | D:8      | Received a gift from Trog
  7022 | D:8      | Reached skill level 14 in Maces & Flails
  7061 | D:8      | Noticed Psyche
  7065 | D:8      | Killed Psyche
  7198 | D:8      | Noticed Gastronok
  7211 | D:8      | Killed Gastronok
  7211 | D:8      | Reached skill level 5 in Armour
  7469 | D:8      | Noticed Prince Ribbit
  7479 | D:8      | Killed Prince Ribbit
  7671 | D:8      | Received a gift from Trog
  7989 | D:9      | Reached XP level 11. HP: 108/113 MP: 11/11
  8849 | D:10     | Entered Level 10 of the Dungeon
  8900 | D:10     | Received a gift from Trog
  9587 | D:10     | Received a gift from Trog
  9814 | D:11     | Found a staircase to the Lair.
  9827 | D:11     | Reached skill level 15 in Maces & Flails
  9984 | D:11     | Noticed a hill giant
  9996 | D:11     | Killed a hill giant
 10305 | D:11     | Found a staircase to the Orcish Mines.
 10414 | D:11     | Received a gift from Trog
 10699 | D:11     | Found a shimmering altar of Xom.
 11080 | Orc:1    | Entered Level 1 of the Orcish Mines
 11096 | Orc:1    | Reached skill level 10 in Throwing
 11100 | Orc:1    | Received a gift from Trog
 11275 | Orc:1    | Noticed Maurice
 11397 | Orc:1    | Noticed an orc knight
 11456 | D:11     | Slain by an orc warrior

Action                   |  1- 3 |  4- 6 |  7- 9 | 10-12 || total
-------------------------+-------+-------+-------+-------++-------
Melee: Mace              |   111 |    43 |       |       ||   154
       Morningstar       |       |   101 |    39 |       ||   140
       Unarmed           |       |     8 |       |       ||     8
       Flail             |       |       |   102 |   101 ||   203
       Whip              |       |       |   276 |   571 ||   847
       Giant spiked club |       |       |       |     3 ||     3
Throw: Tomahawk          |       |       |       |    30 ||    30
       Large rock        |       |       |       |    19 ||    19
Invok: Berserk           |     3 |     5 |     6 |    14 ||    28
       Trog's Hand       |       |     2 |     4 |     5 ||    11
       Brothers in Arms  |       |       |     3 |     4 ||     7
       Burn Spellbooks   |       |       |     1 |     3 ||     4
Evoke: Wand              |       |       |       |    17 ||    17
  Use: Potion            |     1 |     2 |       |     3 ||     6
       Scroll            |       |     7 |    11 |     8 ||    26
  Eat: Chunk             |     3 |     6 |    10 |    24 ||    43
       Beef jerky        |       |     1 |       |     1 ||     2
       Bread ration      |       |     1 |       |       ||     1
       Pizza             |       |       |     1 |     1 ||     2
       Meat ration       |       |       |     1 |     1 ||     2
       Fruit             |       |       |       |     2 ||     2
